 Dungeon Crawl Stone Soup version 0.25-a0-589-g1e14c549ee (webtiles) character file.

Game seed: 10854817940888746762, levelgen mode: deterministic

1 An17 the Magician (level 1, -1/14 HPs)
             Began as a Draconian Wizard on Mar 9, 2020.
             Slain by a leopard gecko (4 damage)
             ... on level 1 of the Dungeon.
             The game lasted 00:00:41 (55 turns).

An17 the Magician (Draconian Wizard)                  Turns: 55, Time: 00:00:42

Health: -1/14      AC:  4    Str:  9    XL:     1   Next: 16%
Magic:  1/4        EV: 12    Int: 18    God:
Gold:   0          SH:  0    Dex:  9    Spells: 5/6 levels left

rFire    . . .     SeeInvis .   (no weapon)
rCold    . . .     Gourm    .   (no shield)
rNeg     . . .     Faith    .   (armour unavailable)
rPois    .         Spirit   .   a - +0 hat
rElec    .         Reflect  .   (no cloak)
rCorr    .         Harm     .   (no gloves)
MR       .....                  (no boots)
Stlth    ++........             (no amulet)
HPRegen  0.04/turn              (no ring)
MPRegen  0.09/turn              (no ring)

@: brilliant, hasted, very quick
A: unfitting armour, cold-blooded, AC +4
a: no special abilities


You were on level 1 of the Dungeon.
You were not hungry.

You visited 1 branch of the dungeon, and saw 1 of its levels.

Inventory:

Armour
 a - a +0 hat (worn)
Comestibles
 c - 2 rations


   Skills:
 + Level 1.7 Dodging
 + Level 1.8 Stealth
 + Level 3.0 Spellcasting
 + Level 1.0 Conjurations
   Level 1.0 Summonings
   Level 1.0 Translocations


You had 5 spell levels left.
You knew the following spells:

 Your Spells              Type           Power        Failure   Level  Hunger
a - Magic Dart            Conj           #...         11%         1    None

Your spell library contained the following spells:

 Spells                   Type           Power        Failure   Level  Hunger
 Blink                    Tloc           N/A          16%         2    None
 Call Imp                 Summ           #.......     16%         2    None
 Slow                     Hex            #.......     24%         2    None
 Conjure Flame            Conj/Fire      #.......     36%         3    None
 Mephitic Cloud           Conj/Pois/Air  #.......     38%         3    None


Dungeon Overview and Level Annotations

Branches:
Dungeon (1/15)

Altars:


Innate Abilities, Weirdness & Mutations

Your plain brown scales are hard. (AC +4)
You cannot fit into any form of body armour.
You are cold-blooded and may be slowed by cold attacks.


Message History

Your line of fire to the dart slug is blocked by a granite statue.
Continue anyway? [Y]es or [N]o only, please.
Your line of fire to the dart slug is blocked by a granite statue.
Continue anyway?
Okay, then.
Casting: Magic Dart (safe; 11% risk of failure)
Confirm with . or Enter, or press ? or * to list all spells.
Aiming: Magic Dart (safe; 11% risk of failure)
Press: ? - help, Shift-Dir - straight line, f - leopard gecko, p - dart slug
Aim: a leopard gecko You feel a surge of power!
The magic dart hits the leopard gecko.
The leopard gecko is severely wounded.
The leopard gecko misses you. The frilled lizard barely misses you.
The leopard gecko completely misses you.
It was a potion of haste.
You feel yourself speed up. The frilled lizard barely misses you.
The leopard gecko misses you.
You miss the leopard gecko.
Your tail-slap misses the leopard gecko.
The leopard gecko is severely wounded.
The frilled lizard barely misses you. The leopard gecko bites you.
You die...

...... ......
...... ###.
..%...#####....
.......[.......
........w......
.......sr....#.
....8.ll8......
.####''@####.#.
#.....(...#
#.........#
#.........#
#≈.......≈#
#≈.......≈#
#≈.......≈#
#≈.......≈#
#.........#


You could see a dart slug, a leopard gecko, a giant cockroach, a frilled lizard
and a rat.

Vanquished Creatures
  A kobold (D:1)
  A rat (D:1)
2 creatures vanquished.

Notes
Turn   | Place    | Note
-------+----------+-------------------------------------------
     0 | D:1      | An17 the Draconian Wizard began the quest for the Orb.
     0 | D:1      | Reached XP level 1. HP: 14/14 MP: 4/4
    55 | D:1      | Slain by a leopard gecko

Levels and vault maps discovered:
D:1:      scummos_arrival_gate, layout_rooms

Action                   || total
-------------------------++-------
Melee: Unarmed           ||    11
       Tailslap          ||     2
 Cast: Magic Dart        ||     5
  Use: Potion            ||     2
Armor: Skin              ||     4
Dodge: Dodged            ||    18

Table legend:
 A = Non-vault XP
 B = Vault XP
 C = Vault XP percentage of total XP
 D = Non-vault monster count
 E = Vault monster count
 F = Vault count percentage of total count
                 A         B        C        D         E       F
            +---------+---------+-------+---------+---------+-------
      Total |       2 |       0 |   0.0 |       2 |       0 |   0.0
            +---------+---------+-------+---------+---------+-------
        D:1 |       2 |       0 |   0.0 |       2 |       0 |   0.0
            +---------+---------+-------+---------+---------+-------
